 Dungeon Crawl Stone Soup version 0.18-a0-1577-gf591c28 (webtiles) character file.

854 4thArraOfDagon the Ruffian (level 8, -5/39 HPs)
             Began as a Vine Stalker Berserker on Mar 19, 2016.
             Was a Follower of Trog.
             Slain by a wolf (11 damage)
             ... on level 1 of the Lair of Beasts.
             The game lasted 00:05:00 (792 turns).

4thArraOfDagon the Ruffian (Vine Stalker Berserker)  Turns: 792, Time: 00:05:01

Health: -5/39      AC:  0    Str: 20    XL:     8   Next: 1%
Magic:  0/9        EV: 19    Int:  7    God:    Trog [*.....]
Gold:   37         SH:  0    Dex: 21    Spells: 0 memorised, 7 levels left

rFire  . . .     SeeInvis .       - Unarmed
rCold  . . .     Gourm    .     (armour currently unavailable)
rNeg   . . .     Faith    .     (shield currently unavailable)
rPois  .         Spirit   +     (helmet currently unavailable)
rElec  .         Dismiss  .     (cloak currently unavailable)
rCorr  .         Reflect  .     (gloves currently unavailable)
SustAt .         Harm     .     (boots currently unavailable)
MR     +++..                    (no amulet)
Stlth  ++........               (ring currently unavailable)
                                (ring currently unavailable)

@: bat-form (expiring), flying, regenerating, very quick, extremely resistant to
hostile enchantments, unstealthy
A: (fangs 0), regeneration 2, magic shield, (antimagic bite), no device heal 3,
rot immunity
a: Berserk, Burn Spellbooks, Renounce Religion


You were on level 1 of the Lair of Beasts.
You worshipped Trog.
Trog was aware of your devotion.
You were not hungry.
You were in bat-form.
You visited 2 branches of the dungeon, and saw 10 of its levels.

You collected 37 gold pieces.

Inventory:

Missiles
 q - 8 tomahawks of returning (quivered)
Armour
 a - a +0 animal skin
 d - a +0 ring mail
 j - a +1 chain mail (melded)
 m - a +2 helmet (melded)
Magical Staves
 p - an uncursed staff of fire {unknown}
Wands
 i - a wand of polymorph (6/24)
Scrolls
 h - a scroll of remove curse
Potions
 f - a potion of curing {unknown}
 g - a potion of brilliance
Comestibles
 b - a bread ration
 c - a royal jelly


   Skills:
 - Level 2.6 Fighting
 + Level 4.4 Armour
 - Level 1.5 Dodging
 * Level 7.7 Unarmed Combat


You had 7 spell levels left.
You didn't know any spells.

Dungeon Overview and Level Annotations

Branches:
Dungeon (9/15)               Lair (1/8) D:9
 Temple: D:4-7          Orc: D:9-12

Altars:
Cheibriados
Vehumet
Xom


Innate Abilities, Weirdness & Mutations

((You have razor-sharp teeth.))
You heal very quickly.
When hurt, damage is shared between your health and your magic reserves.
((Your bite disrupts and absorbs the magic of your enemies.))
Potions and wands cannot restore your health.
You are immune to rotting.


Message History

The wolf closely misses you. The wolf misses you. The wolf barely misses you.
The wolf bites you!
Unknown command.
The wolf misses you. The wolf bites you.
Unknown command.
The wolf closely misses you. The wolf barely misses you. x2
The wolf bites you!
Unknown command.
The wolf closely misses you. The wolf bites you.
* * * LOW HITPOINT WARNING * * *
The wolf bites you.
* * * LOW HITPOINT WARNING * * *
The wolf barely misses you.
Unknown command.
You can't do that in your present form.
Unknown command.
Evoke which item? (* to show all) (? for menu, Esc to quit)
You have no means to grasp a wand firmly enough.
The wolf bites you!
You die...

###### #.hhb#
##hh## ##...#
#.D.## #### ###
##...#
....###P###....#
..##.$....#....#
.............#.#
...P...........#


You could see a six-headed hydra and 4 wolves.

Vanquished Creatures
  A komodo dragon (D:9)
  An ice beast (D:6)
  A phantom (D:8)
  An ogre (D:5)
  A centaur (D:5)
  A crimson imp (D:7)
  3 orc priests
  A jelly (D:7)
  An iguana (D:5)
  An orc wizard (D:7)
  A worker ant (D:5)
  An adder (D:2)
  An adder zombie (D:5)
  7 orcs
  A giant cockroach (D:2)
  A giant newt (D:2)
  2 rats (D:2)
26 creatures vanquished.

Notes
Turn   | Place    | Note
--------------------------------------------------------------
     0 | D:1      | 4thArraOfDagon the Vine Stalker Berserker began the quest for the Orb.
     0 | D:1      | Reached XP level 1. HP: 11/11 MP: 2/2
   118 | D:2      | Found a shimmering altar of Xom.
   124 | D:2      | Found a snail-covered altar of Cheibriados.
   127 | D:2      | Reached XP level 2. HP: 16/16 MP: 3/3
   247 | D:2      | Found a radiant altar of Vehumet.
   298 | D:5      | Entered Level 5 of the Dungeon
   316 | D:5      | Noticed a centaur
   329 | D:5      | Killed a centaur
   329 | D:5      | Reached skill level 4 in Unarmed Combat
   329 | D:5      | Reached XP level 3. HP: 19/19 MP: 4/4
   329 | D:5      | Reached XP level 4. HP: 23/23 MP: 5/5
   350 | D:5      | Noticed an ogre
   369 | D:5      | Killed an ogre
   369 | D:5      | Reached skill level 5 in Unarmed Combat
   369 | D:5      | Reached XP level 5. HP: 27/27 MP: 6/6
   470 | D:5      | Gained mutation: You heal very quickly. [Vine Stalker growth]
   470 | D:5      | Reached XP level 6. HP: 22/32 MP: 4/7
   524 | D:6      | Noticed an ice beast
   537 | D:6      | Killed an ice beast
   537 | D:6      | Reached skill level 6 in Unarmed Combat
   585 | D:7      | Reached XP level 7. HP: 35/35 MP: 6/8
   645 | D:8      | Reached skill level 7 in Unarmed Combat
   657 | D:9      | Found a staircase to the Lair.
   657 | D:9      | Noticed a komodo dragon
   664 | D:9      | Killed a komodo dragon
   664 | D:9      | Reached ** piety under Trog
   664 | D:9      | Gained mutation: You have razor-sharp teeth. [Vine Stalker growth]
   664 | D:9      | Reached XP level 8. HP: 39/39 MP: 9/9
   673 | Lair:1   | Entered Level 1 of the Lair of Beasts
   673 | Lair:1   | Noticed a six-headed hydra
   792 | Lair:1   | Slain by a wolf

Vault maps used:
D:1:      dpeg_arrival_boxorama
D:2:      vehumet_crystals, xom_teletrap_fun, hangedman_decor_growths,
          cheibriados_altar_1
D:3:      nicolae_overflow_hidden_temple, minivault_23
D:4:      kennysheep_goblin_castle, first_bread, uniq_robin, uniq_grinder
D:5:      lemuel_zombie_altar_yredelemnul, lightli_temple_of_fire,
          minmay_temple_entry_statues_pillars, uniq_blork_the_orc
D:6:      old_standard_altar, grunt_temple_overflow_open
D:7:      fedhas_altar_3, uniq_pikel, uniq_duvessa
D:8:      lemuel_coloured_pillars_altar, uniq_maurice, uniq_grum
D:9:      good_gods_temple_1, david_lair_shrubbed, hiddenorc1_lemuel

Skill      XL: |  1  2  3  4  5  6  7 |
---------------+----------------------+-----
Armour         | 2 3 4 |  4.4
Unarmed Combat | 4 5 6 7 |  7.7
Fighting       | |  2.6
Dodging        | |  1.5

Action                   |  1- 3 |  4- 6 |  7- 9 || total
-------------------------+-------+-------+-------++-------
Melee: Unarmed           |    19 |    53 |    28 ||   100
Throw: Tomahawk          |       |     2 |       ||     2
Invok: Berserk           |     1 |     3 |     1 ||     5
       Trog's Hand       |       |       |     1 ||     1
Evoke: Wand              |       |       |     2 ||     2
  Use: Scroll            |       |       |     7 ||     7
  Eat: Chunk             |       |     2 |     3 ||     5
